 Dungeon Crawl Stone Soup version 0.28.0-1-gb440e238dd (webtiles) character file.

Game seed: 17917371052683393216

10020 Krehm the Fighter (level 11, -6/86 (101) HPs)
             Began as a Grey Draconian Conjurer on Feb 20, 2022.
             Was a Priest of Nemelex Xobeh.
             Killed from afar by Josephine (29 damage)
             ... with a ghostly fireball
             ... on level 10 of the Dungeon.
             The game lasted 00:58:33 (11938 turns).

Krehm the Fighter (Grey Draconian Conjurer)        Turns: 11938, Time: 00:58:34

HP:   -6/86 (101)   AC: 13    Str:  9    XL:     11   Next: 30%
MP:   17/17         EV: 16    Int: 24    God:    Nemelex Xobeh [***...]
Gold: 347           SH:  0    Dex:  7    Spells: 12/18 levels left

rFire   + . .      SeeInvis +   f - +4 long sword of Feasut {distort, rElec rPois Dex-2 SInv}
rCold   . . .      Faith    .   (no shield)
rNeg    . . .      Spirit   .   (armour unavailable)
rPois   +          Reflect  .   (helmet restricted)
rElec   +          Harm     .   A - scarf {repulsion}
rCorr   .          Rampage  .   p - +0 pair of gloves
Will    .....                   (no boots)
Stlth   +.........              a - amulet of magic regeneration
HPRegen 0.24/turn               i - ring of protection from fire
MPRegen 0.55/turn               w - +4 ring of evasion

@: slowed, heavily drained, repel missiles, very slow
A: AC +12, amphibious, unfitting armour, cold-blooded
a: Renounce Religion, Draw Escape, Draw Destruction, Draw Summoning, Triple Draw


You were on level 10 of the Dungeon.
You worshipped Nemelex Xobeh.
Nemelex Xobeh was most pleased with you.
You visited 2 branches of the dungeon, and saw 11 of its levels.
You also visited: Ossuary.

You collected 508 gold pieces.
You spent 161 gold pieces at shops.

Inventory:

Hand Weapons
 f - the +4 long sword of Feasut (weapon) {distort, rElec rPois Dex-2 SInv}
   (You found it on level 4 of the Dungeon)

   It warps and distorts space around it, and may blink, banish, or inflict
   extra damage upon those it strikes.
   Unwielding it can cause banishment or high damage.
   Dex:       It affects your dexterity (-2).
   rElec:     It insulates you from electricity.
   rPois:     It protects you from poison.
   SInv:      It lets you see invisible.
Missiles
 F - 3 poisoned darts (quivered)
 K - 5 boomerangs
Armour
 p - a +0 pair of gloves (worn)
 q - a +0 cloak of preservation
 A - a scarf of repulsion (worn)
Jewellery
 a - an amulet of magic regeneration (around neck)
 i - a ring of protection from fire (left hand)
 w - a +4 ring of evasion (right hand)
 H - a ring of magical power
 J - an amulet of regeneration
Wands
 l - a wand of charming (9)
Scrolls
 c - a scroll of blinking
 d - 5 scrolls of enchant weapon
 e - 9 scrolls of teleportation
 k - a scroll of immolation {unknown}
 m - 2 scrolls of summoning
 n - a scroll of torment
 s - a scroll of fear {unknown}
 t - 3 scrolls of fog
 D - a scroll of enchant armour {unknown}
 E - 2 scrolls of identify
Potions
 b - 7 potions of curing
 g - 2 potions of attraction {unknown}
 h - 2 potions of berserk rage {unknown}
 j - 4 potions of heal wounds
 o - 3 potions of brilliance
 r - 5 potions of might {unknown}
 u - 2 potions of degeneration {unknown}
 v - a potion of magic {unknown}
 x - a potion of mutation {unknown}
 z - a potion of lignification {unknown}
 B - 2 potions of ambrosia {unknown}
 C - 3 potions of haste {unknown}
 G - a potion of invisibility {unknown}
Miscellaneous
 I - a phantom mirror


   Skills:
 + Level 10.7 Fighting
 + Level 5.3(6.4) Short Blades
 - Level 5.3(6.4) Long Blades
 + Level 2.6 Dodging
 - Level 1.7 Stealth
 - Level 4.3 Spellcasting
 - Level 4.0 Conjurations
 - Level 4.0 Necromancy
 + Level 8.2 Invocations
 - Level 8.0 Evocations


You had 12 spell levels left.
You knew the following spells:

 Your Spells              Type           Power      Damage    Failure   Level
a - Magic Dart            Conj           96%        1d7       1%          1
b - Searing Ray           Conj           48%        2d6       2%          2
c - Vampiric Draining     Necr           24%        2d7       5%          3

Your spell library contained the following spells:

 Spells                   Type           Power      Damage    Failure   Level
 Animate Skeleton         Necr           48%        N/A       1%          1
 Pain                     Necr           96%        1d8       1%          1
 Dazzling Flash           Conj/Hex       28%        N/A       12%         3
 Scorch                   Fire           10%        2d5       14%         2
 Flame Wave               Conj/Fire      14%        2d6       38%         4
 Fulminant Prism          Conj/Hex       7%         3d7       38%         4
 Iskenderun's Mystic Bla  Conj/Tloc      14%        2d5       38%         4
 Summon Cactus Giant      Summ           2%         N/A       100%        6


Dungeon Overview and Level Annotations

Branches:
Dungeon (10/15)            Temple (1/1) D:5         Ossuary (visited)
   Lair: D:8-11         Orc: D:9-12

Altars:
Ashenzari
Cheibriados
Dithmenos
Elyvilon
Fedhas
Gozag
Hepliaklqana
Kikubaaqudgha
Makhleb
Nemelex Xobeh
Okawaru
Qazlal
Ru
Sif Muna
Trog
Uskayaw
Vehumet
Wu Jian
Xom
Yredelemnul
Zin
The Shining One

Shops:
D:2 [   D:3 ?

Annotations:
D:6 1 runed translucent door, Lapinsky1's ghost, novice MiHu
D:7 1 runed translucent door, Crazy Yiuf
D:10 exclusion: obsidian statue, Josephine
Abyss:1 Gastronok


Innate Abilities, Weirdness & Mutations

Your dull iron-grey scales are very hard. (AC +12)
You are amphibious.
You cannot fit into any form of body armour.
You are cold-blooded and may be slowed by cold attacks.


Message History

You hit the wraith but do no damage.
The wraith is severely damaged.
The wraith blinks!
Josephine hits you but does no damage. Josephine misses you.
You closely miss Josephine. You tail-slap Josephine.
Josephine is severely wounded.
Josephine hits you with a +0 dagger.
You hit Josephine.
Josephine is almost dead.
Josephine hits you but does no damage. Josephine barely misses you.
You hit Josephine.
Space warps around Josephine.
Josephine is almost dead.
Josephine draws life force from you!!
* * * LOW HITPOINT WARNING * * *
Josephine is healed by the life force!
You barely miss Josephine.
Josephine is severely wounded.
Josephine draws life force from you!
* * * LOW HITPOINT WARNING * * *
Josephine is healed by the life force!
The wraith barely misses you. Josephine hits you with a +0 dagger.
* * * LOW HITPOINT WARNING * * *
The wraith barely misses you.
You feel much better. Josephine hits you with a +0 dagger.
The wraith completely misses you. Josephine completely misses you.
You hit Josephine.
Space warps around Josephine.
Your punch misses Josephine.
Josephine is severely wounded.
The wraith misses you.
Josephine points at you and mumbles some strange words.
The ghostly flame explodes!
The ghostly fireball engulfs you!
You feel drained.
* * * LOW HITPOINT WARNING * * *
The ghostly fireball engulfs the wraith.
The wraith completely resists.
The ghostly fireball engulfs Josephine.
Josephine completely resists.
The wraith hits you but does no damage.
You barely miss Josephine.
Josephine is severely wounded.
Josephine gestures at you while chanting.
The ghostly flame explodes!
The ghostly fireball engulfs you!!
You feel drained.
You die...
Your body disappears without a glow.

#..>.........##..........
##..........#.#...........
####.#...@.#..............
##.....(...............
#......................
###.#.#................
#.##(#...............
########.W..#..#...........
#...##...@@..#.......#.....
##...#....####.#.#.#.####..[
#....#....#.#.#.#.####......
#........#.......#..........
######.#§#.....#..###..#)........
...##§#§§§###.....# ##..#.#......
....##.#§#.##...### ##..#.......
......§§_.§.......# ##.....#.....
.....#§#§#§#...##.###......###...


You could see Josephine and a wraith.

Vanquished Creatures
  Joseph (D:7)
  Maggie (D:8)
  A wyvern (D:10)
  3 wraiths
  Sigmund (D:6)
  Eustachio (D:6)
  5 yaks (D:10)
  Grum (D:8)
  Menkaure (D:6)
  An acid dragon (D:9)
  Edmund (D:5)
  2 water moccasins (D:6)
  Duvessa (D:5)
  2 black bears
  2 ice beasts
  An orc warrior (D:8)
  2 necrophages
  A sky beast (D:6)
  5 ogres
  A centaur (D:10)
  2 wolves (D:8)
  A phantom (D:6)
  Blork the orc (D:6)
  3 bullfrogs
  A kobold brigand (D:6)
  10 scorpions
  Dowan (D:5)
  A water moccasin skeleton (D:4)
  11 killer bees
  9 howler monkeys
  A bullfrog zombie (D:5)
  4 centaur zombies
  A bullfrog skeleton (D:7)
  3 hounds
  2 human zombies (Ossuary)
  A jelly (D:6)
  4 orc priests
  A centaur skeleton (D:7)
  4 orc wizards
  3 scorpion zombies (Ossuary)
  5 iguanas
  Ijyb (D:3)
  3 mummies (Ossuary)
  A howler monkey zombie (D:9)
  6 adders
  8 gnolls (D:2)
  A howler monkey skeleton (D:6)
  A white imp (D:7)
  2 ufetubi (D:6)
  An adder skeleton (D:2)
  3 worms
  4 dart slugs
  25 orcs
  8 ball pythons
  6 endoplasms
  5 giant cockroaches
  A gnoll zombie (Ossuary)
  4 goblins
  7 hobgoblins
  6 jackals
  A quokka (D:2)
  3 bats (D:1)
  4 frilled lizards
  2 goblin zombies (Ossuary)
  3 hobgoblin zombies (Ossuary)
  12 kobolds
  4 kobold zombies (Ossuary)
  A rat (D:1)
226 creatures vanquished.

Vanquished Creatures (collateral kills)
  Grinder (D:5)
1 creature vanquished.

Vanquished Creatures (others)
  A plant (D:2)
1 creature vanquished.

Grand Total: 228 creatures vanquished

Notes
Turn   | Place    | Note
-------+----------+-------------------------------------------
     0 | D:1      | Krehm the Draconian Conjurer began the quest for the Orb.
     0 | D:1      | Reached XP level 1. HP: 14/14 MP: 3/3
   186 | D:1      | Reached skill level 1 in Fighting
   295 | D:1      | Reached XP level 2. HP: 23/23 MP: 0/5
   298 | D:1      | Learned a level 2 spell: Searing Ray
   531 | D:1      | Found a faded altar of an unknown god.
  1236 | D:2      | Reached skill level 2 in Fighting
  1236 | D:2      | Reached XP level 3. HP: 29/29 MP: 2/7
  1572 | D:2      | Reached XP level 4. HP: 37/37 MP: 2/8
  1778 | D:2      | You fall into a shaft and drop 2 floors!
  1778 | D:4      | Found a shimmering blue altar of Sif Muna.
  1782 | D:4      | Identified the +4 long sword of Feasut {distort, rElec
                  | rPois Dex-2 SInv}
  1822 | D:3      | Noticed Ijyb
  1881 | D:3      | Reached skill level 3 in Fighting
  2247 | D:2      | Reached skill level 1 in Long Blades
  2251 | D:2      | Reached XP level 5. HP: 45/45 MP: 3/10
  2445 | D:2      | Found Hisol's Armour Emporium.
  2828 | D:3      | Noticed an ogre
  2874 | D:3      | Found Ezolul's Magic Scroll Boutique.
  2939 | D:3      | Killed Ijyb
  3187 | D:3      | Killed an ogre
  3188 | D:3      | Reached skill level 4 in Fighting
  3294 | D:4      | Reached XP level 6. HP: 52/52 MP: 8/12
  3699 | D:4      | Reached skill level 1 in Evocations
  3829 | D:4      | Your scales start taking on a dull iron-grey colour.
  3829 | D:4      | Reached XP level 7. HP: 60/60 MP: 11/13
  4138 | D:5      | Entered Level 5 of the Dungeon
  4152 | D:4      | Learned a level 3 spell: Vampiric Draining
  4198 | D:5      | Found an ancient bone altar of Kikubaaqudgha.
  4199 | D:5      | Noticed Grinder
  4204 | D:5      | Paralysed by Grinder for 5 turns
  4221 | D:5      | Killed Grinder
  4222 | D:5      | Reached skill level 5 in Fighting
  4222 | D:5      | Reached skill level 1 in Necromancy
  4418 | D:2      | Bought a +0 cloak of preservation for 161 gold pieces
  4541 | D:5      | Noticed a wraith
  4581 | D:5      | Killed a wraith
  4582 | D:5      | Reached XP level 8. HP: 70/70 MP: 6/14
  4661 | D:5      | Noticed Dowan
  4661 | D:5      | Noticed Duvessa
  4684 | D:5      | Killed Dowan
  4685 | D:5      | Reached skill level 6 in Fighting
  4742 | D:5      | Killed Duvessa
  4946 | D:5      | Found a staircase to the Ecumenical Temple.
  4974 | Temple   | Entered the Ecumenical Temple
  5026 | Temple   | Became a worshipper of Nemelex Xobeh the Trickster
  5088 | D:5      | Noticed Edmund
  5098 | D:5      | Killed Edmund
  5102 | D:5      | Reached skill level 5 in Long Blades
  5202 | D:5      | Found a radiant altar of Vehumet.
  5336 | D:5      | Reached skill level 1 in Invocations
  5353 | D:5      | Reached skill level 7 in Fighting
  5353 | D:5      | Reached XP level 9. HP: 72/79 MP: 15/15
  5389 | D:5      | Reached skill level 1 in Short Blades
  5491 | D:6      | Noticed Menkaure
  5494 | D:6      | Noticed Sigmund
  5500 | D:6      | Killed Menkaure
  5504 | D:6      | Killed Sigmund
  5510 | D:6      | Reached skill level 5 in Evocations
  5623 | D:6      | Found a sand-covered staircase.
  5703 | D:6      | Noticed Blork the orc
  5713 | D:6      | Killed Blork the orc
  5764 | Ossuary  | Entered an ossuary
  5888 | Ossuary  | Reached skill level 8 in Fighting
  6143 | D:6      | Found a sacrificial altar of Ru.
  6148 | D:6      | Reached * piety under Nemelex Xobeh
  6212 | D:6      | Found a runed translucent door.
  6213 | D:6      | Found a shimmering altar of Xom.
  6213 | D:6      | Noticed Lapinsky1's ghost (novice MiHu)
  6214 | D:6      | Noticed a +1 long sword of chaos
  6304 | D:6      | Reached skill level 5 in Invocations
  6333 | D:6      | Found a broken altar of Ashenzari.
  6580 | D:6      | Noticed Eustachio
  6588 | D:6      | Killed Eustachio
  6589 | D:6      | Reached XP level 10. HP: 88/90 MP: 16/16
  6707 | D:6      | Found an iron altar of Okawaru.
  7061 | D:7      | Reached skill level 9 in Fighting
  7950 | D:7      | Received a gift from Nemelex Xobeh
  7967 | D:7      | Found a burning altar of Makhleb.
  7983 | D:7      | Reached ** piety under Nemelex Xobeh
  8052 | D:7      | Found an ornate altar of the Wu Jian Council.
  8123 | D:7      | Noticed Joseph
  8327 | D:7      | Found a runed translucent door.
  8327 | D:7      | Noticed Crazy Yiuf
  8634 | D:7      | Killed Joseph
  9092 | D:8      | Received a gift from Nemelex Xobeh
  9326 | D:8      | Noticed Grum
  9338 | D:8      | Killed Grum
  9478 | D:8      | Noticed Maggie
  9505 | D:8      | Killed Maggie
  9952 | D:8      | Reached *** piety under Nemelex Xobeh
 10333 | D:9      | Received a gift from Nemelex Xobeh
 11160 | D:10     | Entered Level 10 of the Dungeon
 11242 | D:10     | Reached skill level 10 in Fighting
 11338 | D:10     | Found a snail-covered altar of Cheibriados.
 11342 | D:10     | Found a shadowy altar of Dithmenos.
 11382 | D:10     | Reached XP level 11. HP: 70/100 MP: 17/17
 11650 | D:10     | Noticed an obsidian statue
 11691 | D:10     | Noticed Gastronok
 11709 | D:10     | Banished Gastronok
 11710 | D:10     | Reached skill level 5 in Short Blades
 11891 | D:10     | Noticed Josephine
 11938 | D:10     | Killed from afar by Josephine

Illustrated notes

Levels and vault maps discovered:
D:1:      evilmike_arrival_hilbert_curve, layout_rooms,
          shapermc_ecumenical_altar_venn, st_stairs_14
D:2:      layout_basic, serial_shops, shop, hangedman_decor_lopped,
          grunt_decor_mini_mirrors, serial_bayou_pond_e
D:3:      layout_rooms, serial_shops, shop_scrolls, st_stairs_3, uniq_ijyb
D:4:      layout_loops_ring, nicolae_sif_muna_condensation
D:5:      layout_basic, nicolae_kikubaaqudgha_miasma_corner,
          kennysheep_mini_moat, minmay_temple_entry_grid,
          minmay_misc_feat_alley, minivault_26, uniq_edmund, uniq_grinder,
          uniq_duvessa
D:6:      layout_loops_ring, lemuel_round_altar, marbit_many_paths,
          mainiacjoe_overflow_alcove_1, nicolae_ossuary_entry_false_entrances,
          ebering_ghost_xom, cheibrodos_sewer_entry_bend,
          minmay_misc_feat_diagonals, uniq_blork_the_orc, uniq_menkaure,
          uniq_sigmund, uniq_eustachio
D:7:      layout_layer_cave, kennysheep_mini, mainiacjoe_overflow_boulevard,
          nicolae_lava_and_water, uniq_crazy_yiuf_cottage, uniq_joseph
D:8:      layout_loops_corners, chequers_serial_rivers_room_b, uniq_maggie,
          uniq_grum
D:9:      layout_basic
D:10:     layout_cave_pools, cheibriados_altar_1,
          grunt_dithmenos_smoke_and_mirrors, hangedman_abyss_or_decor_slice,
          minivault_16, minmay_misc_feat_doors, uniq_josephine, uniq_gastronok
Temple:   nicolae_temple_x_marks_the_god

Skill      XL: |  1  2  3  4  5  6  7  8  9 10 11 |
---------------+----------------------------------+-----
Fighting       | 1 2 3 4 5 7 8 10 | 10.7
Spellcasting   | 3 4 |  4.3
Long Blades    | 1 2 3 4 5 |  5.3
Evocations     | 1 3 4 6 8 |  8.0
Necromancy     | 2 4 |  4.0
Invocations    | 1 5 7 8 |  8.2
Short Blades   | 2 4 5 |  5.3
Dodging        | 2 |  2.6
Stealth        | |  1.7
Conjurations   | |  4.0

Action                   |  1- 3 |  4- 6 |  7- 9 | 10-12 || total
-------------------------+-------+-------+-------+-------++-------
Melee: Unarmed           |     7 |       |       |       ||     7
       Tailslap          |     3 |     1 |    17 |    34 ||    55
       Dagger            |    16 |       |       |       ||    16
       Long sword        |       |    12 |   146 |   221 ||   379
       Punch             |       |       |     3 |     4 ||     7
Throw: Dart              |       |       |     1 |     3 ||     4
 Cast: Magic Dart        |    58 |    92 |    67 |    88 ||   305
       Searing Ray       |     2 |    14 |    30 |    14 ||    60
       Vampiric Draining |       |       |       |     3 ||     3
  Use: Scroll            |     1 |     4 |     3 |     3 ||    11
       Potion            |       |     1 |       |     3 ||     4
 Stab: Sleeping          |       |       |     5 |       ||     5
Armor: Skin              |    19 |     5 |    85 |   114 ||   223
Dodge: Dodged            |    28 |    19 |    89 |   231 ||   367
